 Dungeon Crawl Stone Soup version 0.28.0 (webtiles) character file.

Game seed: 6177035359093935352

152 mcwallace the Covered (level 5, -8/34 HPs)
             Began as a Gargoyle Fighter on Feb 18, 2022.
             Mangled by a gnoll shaman (9 damage)
             ... on level 2 of the Dungeon.
             The game lasted 00:03:22 (2683 turns).

mcwallace the Covered (Gargoyle Fighter)            Turns: 2683, Time: 00:03:23

Health: -8/34      AC: 10    Str: 20    XL:     5   Next: 34%
Magic:  5/5        EV: 10    Int: 13    God:
Gold:   67         SH:  4    Dex:  9    Spells: 4/4 levels left

rFire   . . .      SeeInvis .   a - +0 flail {mace}
rCold   . . .      Faith    .   c - +0 buckler
rNeg    + . .      Spirit   .   m - +3 leather armour "Alyir" {Int+3}
rPois   ∞          Reflect  .   (no helmet)
rElec   +          Harm     .   (no cloak)
rCorr   .          Rampage  .   (no gloves)
Will    .....                   (no boots)
Stlth   +.........              (no amulet)
HPRegen 0.11/turn               (no ring)
MPRegen 0.09/turn               (no ring)

@: no status effects
A: sickness immunity, AC +4, negative energy resistance 1, electricity
resistance, torment resistance 1, petrification resistance
a: no special abilities


You were on level 2 of the Dungeon.
You visited 1 branch of the dungeon, and saw 3 of its levels.

You collected 67 gold pieces.


Innate Abilities, Weirdness & Mutations

You are immune to sickness and miasma.
Your stone body is resilient. (AC +4)
You are immune to poison.
You resist negative energy. (rN+)
You are resistant to electric shocks. (rElec)
You are resistant to unholy torment.
You are immune to petrification.


   Skills:
 + Level 4.3 Fighting
 + Level 3.1 Maces & Flails
 + Level 4.4 Armour
 - Level 4.0 Shields


You had 4 spell levels left.
You didn't know any spells.
Your spell library contained the following spells:

 Spells                   Type           Power      Damage    Failure   Level
 Call Canine Familiar     Summ           0%         N/A       80%         3
 Portal Projectile        Hex/Tloc       0%         N/A       80%         3
 Leda's Liquefaction      Hex/Erth       0%         N/A       99%         4

Inventory:

Hand Weapons
 a - a +0 flail (weapon) {mace}
 o - a +0 spear of flaming {polearm}
   (You took it off a gnoll on level 2 of the Dungeon)
Missiles
 f - 48 stones (quivered) {throwing}
 h - 22 arrows
Armour
 b - a +0 scale mail
 c - a +0 buckler (worn)
 m - the +3 leather armour "Alyir" (worn) {Int+3}
   (You found it on level 2 of the Dungeon)

   Int:       It affects your intelligence (+3).
Magical Staves
 i - a staff of death {!astaff}
   (You found it on level 2 of the Dungeon)
Scrolls
 k - a scroll of silence {unknown}
 l - a scroll of teleportation {unknown}
Potions
 d - a potion of might
 e - a potion of mutation {unknown}
 g - a potion of curing {unknown}
 j - a potion of flight {unknown}
 n - a potion of berserk rage {unknown}

Dungeon Overview and Level Annotations

Branches:
Dungeon (3/15)

Altars:
Gozag

# ##.≈≈≈≈P≈...♣#
#...........♣♣♣
###..♣PP≈≈≈...#####..##########
.#...♣≈≈≈P♣....[.#...#
#.#..#≈≈PP♣#####.#..##
#.#..#PP≈≈♣ #....# #.#..##P≈≈#
###..## #....###♣##### ##...##
#...........<####.###.#
#...............@.# #.#
#...###.♣≈.≈♣....g###.# #...#
#.♣♣≈≈♣#####g>.## #...###♣♣P≈♣♣
##.## #.....♣ ♣♣≈♣♣ #.#
....♣♣♣♣♣≈≈≈♣♣♣♣♣ #.#
##..♣♣♣≈♣≈≈≈♣≈♣≈♣##.#
.....≈≈≈≈≈≈≈.≈≈≈..#.#
###.≈PP♣P≈≈≈≈P♣PP...#


You could see a gnoll shaman and a gnoll.


Message History

A gnoll comes into view. It is wielding a +0 spear of flaming.
The gnoll shouts!
The gnoll hits you with a +0 spear.
The gnoll hits you but does no damage. 😕 HP[-3]
You take 3 damage, and now have 31/34 hp.
Found an opulent altar of Gozag.
The gnoll hits you from afar with a +0 spear!
The gnoll hits you but does no damage. 😮 HP[-7]
You take 7 damage, and now have 24/34 hp.
MASSIVE DAMAGE!! (PAUSE)
A rat comes into view.
The gnoll hits you with a +0 halberd. 😮 HP[-2]
You take 2 damage, and now have 22/34 hp. 😮 HP[+1]
There is a stone staircase leading up here. 😮 HP[+1]
The gnoll hits you but does no damage.
You climb upwards.
There is a stone staircase leading down here.
You start resting. 😎 HP[+10]
Your hp is fully restored (34).
You climb downwards.
The gnoll closely misses you. You block the gnoll's attack.
There is a stone staircase leading up here.
The gnoll barely misses you. The gnoll hits you but does no damage.
There is a stone staircase leading up here.
The gnoll closely misses you.
The gnoll shaman mumbles some strange prayers to its god against you.
You are outlined in light.
You block the gnoll's attack.
You climb upwards.
There is a stone staircase leading down here.
You closely miss the gnoll.
The gnoll hits you with a +0 spear of flaming.
The gnoll burns you. 😕 HP[-7]
You take 7 damage, and now have 27/34 hp.
MASSIVE DAMAGE!! (PAUSE)
You sock the gnoll!
The gnoll hits you but does no damage. 😕 HP[+1]
You closely miss the gnoll. The gnoll hits you but does no damage.
You hit the gnoll.
You kill the gnoll!
o - a +0 spear of flaming {polearm} You see here a gnoll corpse.
You start resting.
You are no longer glowing. 😎 HP[+6]
Your hp is fully restored (34).
There is a stone staircase leading down here.
You climb downwards.
You block the gnoll's attack.
There is a stone staircase leading up here.
The gnoll barely misses you. The gnoll hits you but does no damage.
The gnoll shaman hits you with a +0 club.
You climb upwards.
There is a stone staircase leading down here. 😕 HP[-1]
You take 1 damage, and now have 33/34 hp.
You block the gnoll shaman's attack.
You see here a gnoll corpse.
Things that are here:
a +0 robe; a +0 dagger {short} You barely miss the gnoll.
The gnoll closely misses you. 😎 HP[+1]
Your hp is fully restored (34).
You barely miss the gnoll. The gnoll misses you.
You thump the gnoll shaman!
The gnoll shaman hits you with a +0 club. 😕 HP[-4]
You take 4 damage, and now have 30/34 hp.
You hit the gnoll shaman. The gnoll shaman misses you.
You closely miss the gnoll shaman. The gnoll shaman misses you.
You closely miss the gnoll shaman.
The gnoll shaman hits you with a +0 club. 😕 HP[-4]
You take 4 damage, and now have 26/34 hp.
You hit the gnoll shaman.
The gnoll shaman hits you with a +0 club!
The gnoll shaman mumbles some strange prayers to its god against you.
You resist with some effort. 😮 HP[-8]
You take 8 damage, and now have 18/34 hp.
MASSIVE DAMAGE!! (PAUSE)
You hit the gnoll shaman but do no damage.
The gnoll shaman hits you with a +0 club!
* * * LOW HITPOINT WARNING * * *
😨 HP[-7]
You take 7 damage, and now have 11/34 hp.
MASSIVE DAMAGE!! (PAUSE)
You hit the gnoll shaman. You block the gnoll shaman's attack.
You barely miss the gnoll shaman.
The gnoll shaman hits you with a +0 club!
* * * LOW HITPOINT WARNING * * *
😱 HP[-10]
You take 10 damage, and now have 1/34 hp.
MASSIVE DAMAGE!! (PAUSE)
The gnoll shaman hits you with a +0 club!
You die...

Skill      XL: |  1  2  3  4  5 |
---------------+----------------+-----
Fighting       | 4 |  4.3
Armour         | 4 |  4.4
Shields        | 4 |  4.0
Maces & Flails | 3 |  3.1

Action                   |  1- 3 |  4- 6 || total
-------------------------+-------+-------++-------
Melee: Flail             |   128 |    46 ||   174
Armor: Scale mail        |   103 |    16 ||   119
       Leather armour    |       |     7 ||     7
Dodge: Dodged            |    95 |    28 ||   123
Block: Buckler           |    38 |    10 ||    48

Levels and vault maps discovered:
D:1:      shiori_shiawase, layout_basic, palyth_stone_intersect
D:2:      layout_loops_ring, serial_bayou, serial_bayou_ford_a,
          serial_bayou_lagoon_b, serial_bayou_crossing, serial_bayou_shore_a,
          serial_bayou_pond_c, uniq_natasha, uniq_jessica
D:3:      layout_loops_cross, nicolae_gozag_conspicuous_consumption,
          mainiacjoe_overflow_catch_the_wave, st_stairs_10

Notes
Turn   | Place    | Note
-------+----------+-------------------------------------------
     0 | D:1      | mcwallace the Gargoyle Fighter began the quest for the Orb.
     0 | D:1      | Reached XP level 1. HP: 14/14 MP: 1/1
     0 | D:1      | magus.rc [v1.9.6]
   194 | D:1      | Reached XP level 2. HP: 16/19 MP: 2/2
   540 | D:1      | Reached XP level 3. HP: 18/23 MP: 3/3
   889 | D:1      | You pick up a book of the Hunter and begin reading...
   889 | D:1      | You add the spells Call Canine Familiar, Portal Projectile
                  | and Leda's Liquefaction to your library.
  1370 | D:2      | Noticed Jessica
  1374 | D:2      | Killed Jessica
  1375 | D:2      | Reached skill level 4 in Fighting
  1375 | D:2      | Reached skill level 4 in Armour
  1375 | D:2      | Reached XP level 4. HP: 17/29 MP: 4/4
  1603 | D:2      | Noticed Natasha
  1608 | D:2      | Killed Natasha
  1609 | D:2      | Reached skill level 4 in Shields
  1672 | D:2      | Noticed Natasha
  1683 | D:2      | Killed Natasha
  1684 | D:2      | Reached XP level 5. HP: 17/33 MP: 5/5
  1724 | D:2      | Noticed Natasha
  1737 | D:2      | HP: 8/33 [Natasha (1)]
  1738 | D:2      | Killed Natasha
  1739 | D:2      | Reached skill level 3 in Maces & Flails
  2198 | D:2      | Identified the +3 leather armour "Alyir" {Int+3}
  2496 | D:3      | Found an opulent altar of Gozag.
  2496 | D:3      | Found an opulent altar of Gozag.
  2498 | D:3      | Found an opulent altar of Gozag.
  2682 | D:2      | HP: 1/34 [gnoll shaman (10)]
  2683 | D:2      | Mangled by a gnoll shaman

Vanquished Creatures
  Jessica (D:2)
  Natasha (twice) (D:2)
  A gnoll (D:2)
  An adder (D:2)
  2 dart slugs
  4 ball pythons
  5 bats
  2 endoplasms (D:1)
  2 giant cockroaches (D:1)
  5 goblins
  A hobgoblin (D:2)
  8 jackals (D:1)
  A quokka (D:2)
  3 frilled lizards (D:1)
  A kobold (D:1)
  7 rats
46 creatures vanquished.

Vanquished Creatures (others)
  Natasha (D:2)
  18 plants (D:2)
19 creatures vanquished.

Grand Total: 65 creatures vanquished

Table legend:
 A = Non-vault XP
 B = Vault XP
 C = Vault XP percentage of total XP
 D = Non-vault monster count
 E = Vault monster count
 F = Vault count percentage of total count
                 A         B        C        D         E       F
            +---------+---------+-------+---------+---------+-------
      Total |     146 |      72 |  33.0 |      45 |       2 |   4.3
            +---------+---------+-------+---------+---------+-------
        D:1 |      52 |       0 |   0.0 |      31 |       0 |   0.0
        D:2 |      94 |      72 |  43.4 |      14 |       2 |  12.5
            +---------+---------+-------+---------+---------+-------

Illustrated notes

Table legend:
 A = Kills in this place as a percentage of kills in entire the game.
 B = Kills by you in this place as a percentage of kills by you in the entire game.
 C = Kills by friends in this place as a percentage of kills by friends in the entire game.
 D = Other kills in this place as a percentage of other kills in the entire game.
 E = Experience gained in this place as a percentage of experience gained in the entire game.
 F = Experience gained in this place divided by the number of levels of this place that you have seen.
                   A       B       C       D       E      F
               +-------+-------+-------+-------+-------+----------------------
         Total | 100.0 | 100.0 |   N/A | 100.0 | 100.0 |  72.7
       Dungeon | 100.0 | 100.0 |   N/A | 100.0 | 100.0 |  72.7
               +-------+-------+-------+-------+-------+----------------------

Table legend: (Time is in decaauts)
 A = Elapsed time spent in this place.
 B = Non-inter-level travel time spent in this place.
 C = Inter-level travel time spent in this place.
 D = Time resting spent in this place.
 E = Time spent auto-exploring this place.
 F = Levels seen in this place.
 G = Mean time per level.
                   A        B        C        D        E       F      G
               +--------+--------+--------+--------+--------+-----+--------+
         Total |   2814 |   2747 |     67 |    138 |   2167 |   3 |  938.0 |
       Dungeon |   2814 |   2747 |     67 |    138 |   2167 |   3 |  938.0 |
               +--------+--------+--------+--------+--------+-----+--------+

Top non-repeatable levels by time:
     D:2: 1542 daAuts
     D:1: 1230 daAuts
     D:3: 41 daAuts
